Kradschützen Motorcycle Team
Construct Light Support Kompanie
Panzerjäger Mechanized Group
Pak 38 Anti-tank Gun Team
Selects Armored Support Battlegroup
Selects Superior Fire Drills
Selects Flammpanzer III Medium Tank
Flammpanzer III Medium Tank
Flammpanzer III Medium Tank
Selects Command Panzer IV F Medium Tank
Selects Command Panzer IV F Medium Tank
Construct Panzerarmee Kommand
Flammpanzer III Medium Tank